AoeStats
← mengb65

Black Forest

509005794Analyzed
4v4 RM · 7d ago on Sep 25, 2026· 49m 36s· 8 players
Game mode
Random Map
Map size
Large (8 player)
Population
200
Speed
Normal
Resources
Standard
Victory
Conquest
Starting age
Dark Age
Ending age
Imperial Age
RankedLock teamsTeams togetherTeam positionsShared explorationLock speedFull tech treeHidden civsTurbo modeCheats
Victory
Defeat
🇦🇷 Turks · Argentina
1051
+13
🇦🇷 Vietnamese · Argentina
1045
+13
🇦🇷 Maya · Argentina
1042
+13
🇦🇷 Britons · Argentina
983
+17
🇯🇵 Danes · Japan
1005
-15
🇲🇽 Gurjaras · Mexico
988
-14
🇹🇼 Inca · Taiwan
985
-14
🇲🇽 Dravidians · Mexico
967
-13
dse_dll
0:56 Loom
14:59 Feudal Age
20:57 Castle Age
33:02 Imperial Age
31:23 Scale Mail Armor
31:33 Forging
31:36 Double-Bit Axe
31:16 Man-at-Arms
32:30 Long Swordsman
32:58 Gambesons
33:34 Chain Mail Armor
33:55 Iron Casting
33:40 Two-Handed Swordsman
35:39 Wheelbarrow
35:16 Squires
36:06 Champion
37:56 Plate Mail Armor
40:11 Blast Furnace
39:55 Conscription
43:17 Chemistry
42:37 Ballistics
42:35 Fortified Wall
43:28 Chemistry
43:04 Horse Collar
48:34 Padded Archer Armor
48:25 Fletching
MiloJ
0:28 Loom
15:24 Feudal Age
16:12 Double-Bit Axe
16:29 Gold Mining
18:07 Forging
18:07 Scale Barding Armor
18:40 Fishing Lines
22:33 Castle Age
21:09 Fishing Lines
22:04 Horse Collar
24:08 Wheelbarrow
23:51 Bow Saw
23:34 Gillnets
25:05 Hand Cart
26:20 Gold Shaft Mining
27:55 Heavy Plow
28:46 Iron Casting
29:05 Bloodlines
29:40 Husbandry
31:00 Chain Barding Armor
37:48 Imperial Age
36:12 Stone Mining
38:03 Town Watch
38:01 Elite Shrivamsha Rider
39:41 Plate Barding Armor
38:57 Arson
42:49 Fletching
42:59 Padded Archer Armor
42:22 Elite Skirmisher
42:26 Elite Elephant Archer
43:26 Bodkin Arrow
44:54 Bracer
45:23 Ballistics
45:59 Leather Archer Armor
47:02 Chemistry
mengb65
0:29 Loom
14:12 Feudal Age
15:39 Double-Bit Axe
17:08 Horse Collar
21:59 Castle Age
20:12 Fishing Lines
30:19 Wheelbarrow
29:48 Gold Mining
32:58 Fletching
33:14 Elite Skirmisher
LWwcnm
11:06 Feudal Age
11:33 Horse Collar
17:56 Castle Age
17:31 Double-Bit Axe
17:38 Gold Mining
20:11 Stone Mining
22:19 Wheelbarrow
22:28 Bow Saw
25:09 Hand Cart
25:38 Fletching
25:33 Elite Skirmisher
27:46 Padded Archer Armor
28:11 Heavy Plow
30:24 Ballistics
33:04 Imperial Age
32:22 Gold Shaft Mining
32:31 Stone Shaft Mining
32:07 Bodkin Arrow
loto95
0:36 Loom
13:15 Feudal Age
15:15 Double-Bit Axe
15:25 Stone Mining
18:12 Castle Age
17:06 Horse Collar
21:56 Fletching
22:48 Wheelbarrow
23:28 Bodkin Arrow
24:05 Padded Archer Armor
26:12 Leather Archer Armor
27:41 Bow Saw
33:44 Imperial Age
31:27 Scale Mail Armor
31:38 Forging
31:47 Eagle Warrior
32:29 Squires
34:42 Chain Mail Armor
35:02 Iron Casting
34:05 Elite Eagle Warrior
35:57 Plate Mail Armor
35:55 Town Watch
38:09 Holcans
38:00 Conscription
38:32 Heavy Plow
40:44 Chemistry
40:54 Iron Casting
41:36 Arson
salepaixa II
1:27 Loom
12:34 Feudal Age
14:54 Double-Bit Axe
20:13 Castle Age
20:01 Horse Collar
21:39 Wheelbarrow
23:52 Town Watch
26:11 Scale Barding Armor
27:09 Gold Mining
27:40 Stone Mining
29:01 Hand Cart
35:47 Imperial Age
34:35 Heavy Plow
35:12 Gold Shaft Mining
34:50 Bow Saw
35:33 Padded Archer Armor
35:44 Forging
35:55 Chain Barding Armor
35:27 Fletching
36:02 Ballistics
36:28 Bloodlines
36:19 Husbandry
38:01 Conscription
38:25 Leather Archer Armor
38:57 Fortified Wall
39:37 Bodkin Arrow
42:20 Ring Archer Armor
44:02 Two-Man Saw
43:43 Plate Barding Armor
43:47 Iron Casting
43:45 Artillery
44:59 Town Patrol
47:21 Blast Furnace
Emperador Siziña
1:15 Loom
16:55 Feudal Age
17:29 Double-Bit Axe
20:00 Fletching
20:12 Padded Archer Armor
24:34 Castle Age
23:31 Stone Mining
26:02 Wheelbarrow
28:48 Bow Saw
32:09 Horse Collar
32:24 Gold Mining
35:30 Hand Cart
35:03 Pikeman
35:44 Squires
39:54 Bodkin Arrow
40:13 Forging
40:45 Leather Archer Armor
51:31 Imperial Age
is+
5:21 Loom
10:50 Feudal Age
11:22 Double-Bit Axe
15:56 Castle Age
13:51 Horse Collar
15:55 Wheelbarrow
17:02 Bow Saw
17:20 Stone Mining
21:26 Hand Cart
22:46 Town Watch
25:03 Heavy Plow
26:32 Gold Mining
28:21 Fletching
28:31 Padded Archer Armor
29:59 Yeomen
31:23 Bodkin Arrow
31:44 Leather Archer Armor
36:16 Ballistics
38:32 Imperial Age
36:06 Town Patrol
36:42 Gold Shaft Mining
36:36 Crossbowman
38:35 Elite Longbowman
40:32 Chemistry
39:34 Bracer
40:19 Fortified Wall
41:15 Ring Archer Armor
43:40 Forging
43:30 Scale Mail Armor
44:54 Warwolf
44:58 Pikeman
45:38 Squires
45:24 Gambesons
46:15 Iron Casting
45:55 Chain Mail Armor
45:50 Halberdier
Connection lost

Rejoining the realm…

Still unreachable

The connection could not be restored.

Session expired

The server has moved on; the page needs a fresh start.